 Dungeon Crawl Stone Soup version 0.24-a0-203-gf0bc1e94ae (webtiles) character file.

Game seed: 13001997723747989481

448078 MrRokkomies the Whirler (level 25, -20/174 HPs)
             Began as a Halfling Hunter on Mar 25, 2019.
             Was a High Priest of Okawaru.
             Killed by the air
             ... invoked by a spriggan air mage
              (34 damage)
             ... on level 2 of the Depths on Mar 27, 2019.
             The game lasted 04:50:35 (67617 turns).

MrRokkomies the Whirler (Halfling Hunter)          Turns: 67617, Time: 04:50:36

Health: -20/174    AC: 38    Str: 21    XL:     25   Next: 43%
Magic:  41/41      EV: 36    Int: 10    God:    Okawaru [*****.]
Gold:   3584       SH: 19    Dex: 24    Spells: 19/24 levels left

rFire    + + +     SeeInvis +   b - +4 eveningstar "Jahoq" {drain, rF+ rC- Str+3}
rCold    + + .     Gourm    .   o - +2 shield {rN+}
rNeg     + + .     Faith    .   B - +1 plate armour of the Snail {rF+ rC++ Str-2 SInv}
rPois    +         Spirit   .   J - +1 hat of Okawaru's Castigation {rC+ MP+9 Dex+2}
rElec    +         Reflect  .   R - +2 cloak {MR+}
rCorr    .         Harm     .   y - +2 pair of gloves {Str+3}
MR       ++...                  v - +2 pair of boots {Fly}
Stlth    ..........             G - amulet "Vixiupaph" {Acrobat +Inv rF++ Stlth-}
HPRegen  0.39/turn              M - +6 ring of protection
MPRegen  0.27/turn              L - ring "Ytsokuax" {rElec rPois rN+}

@: acrobat, flying
A: small, mutation resistance 1
}: 2/15 runes: decaying, gossamer
a: Heroism, Finesse, Renounce Religion, Evoke Invisibility, Stop Flying


You were on level 2 of the Depths.
You worshipped Okawaru.
Okawaru was extremely pleased with you.
You were not hungry.

You visited 9 branches of the dungeon, and saw 43 of its levels.
You visited 1 bazaar.
You also visited: Ice Cave.

You collected 7128 gold pieces.
You spent 3544 gold pieces at shops.

Inventory:

Hand Weapons
 a - a +5 fustibalus of freezing
 b - the +4 eveningstar "Jahoq" (weapon) {drain, rF+ rC- Str+3}
   (You acquired it on level 2 of the Vaults)

   A truly terrible weapon, it drains the life of those it strikes.
   It affects your strength (+3).
   It protects you from fire.
   It makes you vulnerable to cold.
 d - the +5 hunting sling "Vucs" {speed, MR++ Str+2}
   (Okawaru gifted it to you on level 14 of the Dungeon)

   Attacks with this weapon are significantly faster.
   It affects your strength (+2).
   It affects your resistance to hostile enchantments.
 N - a +0 blowgun
Missiles
 m - 177 sling bullets
 r - 914 stones (quivered)
 x - 7 curare-tipped needles
Armour
 o - a +2 shield of positive energy (worn)
 v - a +2 pair of boots of flying (worn)
 y - a +2 pair of gloves of strength (worn)
 B - the +1 plate armour of the Snail (worn) {rF+ rC++ Str-2 SInv}
   (You found it on level 5 of the Dungeon)

   It affects your strength (-2).
   It protects you from fire.
   It greatly protects you from cold.
   It lets you see invisible.
 J - the +1 hat of Okawaru's Castigation (worn) {rC+ MP+9 Dex+2}
   (Okawaru gifted it to you on level 2 of the Lair of Beasts)

   It affects your dexterity (+2).
   It protects you from cold.
   It affects your magic capacity (+9).
 R - a +2 cloak of magic resistance (worn)
Jewellery
 i - an uncursed ring of resist corrosion
 k - the ring of Xom's Condemnation {+Blink Int+5}
   (You found it on level 3 of the Crypt)

   [ring of intelligence]

   It affects your intelligence (+5).
   It lets you blink.
 n - a +5 ring of evasion
 G - the amulet "Vixiupaph" (around neck) {Acrobat +Inv rF++ Stlth-}
   (You bought it in a shop on level 1 of the Elven Halls)

   [amulet of the acrobat]

   It helps you evade while moving and waiting.
   It greatly protects you from fire.
   It lets you turn invisible.
   It makes you less stealthy.
 L - the ring "Ytsokuax" (right hand) {rElec rPois rN+}
   (You took it off a death knight on level 3 of the Crypt)

   [ring of positive energy]

   It insulates you from electricity.
   It protects you from poison.
   It protects you from negative energy.
 M - a +6 ring of protection (left hand)
Wands
 p - a wand of random effects (11)
 q - a wand of paralysis (24)
 u - a wand of iceblast (19)
 I - a wand of clouds (6)
 O - a wand of scattershot (5)
 Q - a wand of digging (13)
 T - a wand of disintegration (33)
 W - a wand of acid (7)
 Y - a wand of enslavement (19)
Scrolls
 j - 5 scrolls of blinking
 w - a scroll of silence
 D - 6 scrolls of fog
 E - 16 scrolls of remove curse
 F - 17 scrolls of identify
 H - 5 scrolls of enchant armour
 K - 5 scrolls of teleportation
 P - 5 scrolls of fear
 U - a scroll of holy word
 Z - 9 scrolls of magic mapping
Potions
 c - 2 potions of agility
 g - 8 potions of resistance
 h - 5 potions of berserk rage
 t - 4 potions of heal wounds
 C - 7 potions of might
 S - 23 potions of curing
Miscellaneous
 e - a box of beasts
 l - a lamp of fire (inert)
 s - 2 phantom mirrors
 z - a phial of floods
 A - a lightning rod (4/4)
 X - 2 sacks of spiders
Comestibles
 f - 65 rations


   Skills:
 - Level 15.0 Fighting
 - Level 16.0 Maces & Flails
 - Level 20.0 Slings
 * Level 19.7 Armour
 - Level 15.0 Dodging
 - Level 1.1 Stealth
 * Level 19.3 Shields
 - Level 8.0 Invocations
 - Level 12.0 Evocations


You had 19 spell levels left.
You knew the following spells:

 Your Spells              Type           Power        Failure   Level  Hunger
a - Slow                  Hex            #.......     99%         2    ###....
b - Portal Projectile     Hex/Tloc       #.....       100%        3    ####...

Your spell library contained the following spells:

 Spells                   Type           Power        Failure   Level  Hunger
 Animate Skeleton         Necr           N/A          97%         1    ##.....
 Apportation              Tloc           #.....       97%         1    ##.....
 Beastly Appendage        Tmut           #.....       97%         1    ##.....
 Confusing Touch          Hex            #.....       97%         1    ##.....
 Corona                   Hex            #......      97%         1    ##.....
 Flame Tongue             Conj/Fire      #....        97%         1    ##.....
 Infusion                 Chrm           #...         97%         1    ##.....
 Magic Dart               Conj           #...         97%         1    ##.....
 Shock                    Conj/Air       #...         97%         1    ##.....
 Sting                    Conj/Pois      #...         97%         1    ##.....
 Summon Small Mammal      Summ           #...         97%         1    ##.....
 Blink                    Tloc           N/A          99%         2    ###....
 Call Imp                 Summ           #.......     99%         2    ###....
 Corpse Rot               Necr           N/A          99%         2    ###....
 Searing Ray              Conj           #.....       99%         2    ###....
 Shroud of Golubria       Chrm/Tloc      #.........   99%         2    ###....
 Song of Slaying          Chrm           #.......     99%         2    ###....
 Sticks to Snakes         Tmut           #.......     99%         2    ###....
 Sublimation of Blood     Necr           #.........   99%         2    ###....
 Swiftness                Chrm/Air       #.......     99%         2    ###....
 Throw Flame              Conj/Fire      #.....       99%         2    ###....
 Call Canine Familiar     Summ           #.......     100%        3    ####...
 Confuse                  Hex            #.......     100%        3    ####...
 Conjure Flame            Conj/Fire      #.......     100%        3    ####...
 Dazzling Spray           Conj/Hex       #.....       100%        3    ####...
 Gell's Gravitas          Tloc           #.........   100%        3    ####...
 Ignite Poison            Fire/Tmut/Pois #.......     100%        3    ####...
 Inner Flame              Hex/Fire       #.......     100%        3    ####...
 Lesser Beckoning         Tloc           #.........   100%        3    ####...
 Regeneration             Chrm/Necr      #.........   100%        3    ####...
 Spectral Weapon          Hex/Chrm       #.......     100%        3    ####...
 Spider Form              Tmut/Pois      #.........   100%        3    ####...
 Static Discharge         Conj/Air       #.......     100%        3    ####...
 Stone Arrow              Conj/Erth      #.....       100%        3    ####...
 Summon Guardian Golem    Hex/Summ       #.......     100%        3    ####...
 Teleport Other           Tloc           #.......     100%        3    ####...
 Airstrike                Air            #.........   100%        4    #####..
 Cause Fear               Hex            #.........   100%        4    #####..
 Force Lance              Conj/Tloc      #.......     100%        4    #####..
 Fulminant Prism          Conj/Hex       #.........   100%        4    #####..
 Ice Form                 Ice/Tmut       #.......     100%        4    #####..
 Iskenderun's Mystic Bla  Conj           #.......     100%        4    #####..
 Leda's Liquefaction      Hex/Erth       #.........   100%        4    #####..
 Passage of Golubria      Tloc           N/A          100%        4    #####..
 Petrify                  Tmut/Erth      #.......     100%        4    #####..
 Sticky Flame             Conj/Fire      #.......     100%        4    #####..
 Summon Ice Beast         Ice/Summ       #.......     100%        4    #####..
 Summon Lightning Spire   Summ/Air       #.......     100%        4    #####..
 Throw Icicle             Conj/Ice       #.......     100%        4    #####..
 Agony                    Necr           #.......     100%        5    ######.
 Blade Hands              Tmut           #.........   100%        5    ######.
 Bolt of Draining         Conj/Necr      #.........   100%        5    ######.
 Dispel Undead            Necr           #.......     100%        5    ######.
 Excruciating Wounds      Chrm/Necr      #.........   100%        5    ######.
 Fireball                 Conj/Fire      #.........   100%        5    ######.
 Irradiate                Conj/Tmut      #.........   100%        5    ######.
 Lightning Bolt           Conj/Air       #.........   100%        5    ######.
 Metabolic Englaciation   Hex/Ice        #.........   100%        5    ######.
 Summon Forest            Summ/Tloc      #.........   100%        5    ######.
 Yara's Violent Unravell  Hex/Tmut       #.........   100%        5    ######.
 Bolt of Fire             Conj/Fire      #.........   100%        6    #######
 Hydra Form               Tmut           #.........   100%        6    #######
 Statue Form              Tmut/Erth      #........    100%        6    #######
 Dragon Form              Tmut           #.........   100%        7    #######
 Summon Hydra             Summ           #.........   100%        7    #######
 Ignition                 Fire           #.........   100%        8    #######
 Dragon's Call            Summ           #.........   100%        9    #######
 Shatter                  Erth           #.........   100%        9    #######
 Tornado                  Air            #.........   100%        9    #######


Dungeon Overview and Level Annotations

Branches:
Dungeon (15/15)            Temple (0/1) D:7            Lair (6/6) D:8
  Swamp (4/4) Lair:3       Spider (4/4) Lair:2        Slime (0/5) Lair:5
    Orc (2/2) D:12            Elf (3/3) Orc:2        Vaults (4/5) D:14
  Crypt (3/3) Vaults:2       Tomb (0/3) Crypt:3      Depths (2/5) D:15

Altars:
Cheibriados
Gozag
Kikubaaqudgha
Makhleb
Nemelex Xobeh
Okawaru
Qazlal
Sif Muna
Uskayaw
Vehumet
Wu Jian
Xom
Yredelemnul
Zin
Beogh

Shops:
D:6 [   D:15 (   Orc:2 [[[(   Elf:1 }=}   Elf:3 =[*   Vaults:2 ?

Portals:
Hell: Depths:1
Ziggurat: Depths:2
Trove: D:11 (give +6 demon trident)

Annotations:
D:14 1 runed translucent door, xoxolimbo's ghost, journeyman GnEE
Lair:5 1 runed translucent door, kr4n3's ghost, journeyman DrFE
Spider:3 3 runed translucent doors, Zentennen's ghost, adept TeCj
Elf:2 1 runed translucent door


Innate Abilities, Weirdness & Mutations

You are small and have problems with some larger weapons.
You are somewhat resistant to further mutation.


Message History

Something hits your redback. Something barely misses your redback.
You have turned to stone.
The lich touches you.
* * * LOW HITPOINT WARNING * * *
The spriggan berserker hits you but does no damage.
Your redback is engulfed in blazing flames.
Your redback barely misses the lich.
The lich touches you but does no damage.
Something barely misses your redback. Something bites your redback.
The vampire knight blinks!
Your surroundings suddenly seem different.
You hear a shout! x2
You turn to flesh and can move again.
You hear a shout!
You hear a shout!
A spriggan air mage comes into view.
It is wielding the +6 short sword "Loucko" {holy, *Contam rF+++ MR- Dex+7}.
The spriggan air mage shouts!
The spriggan air mage waves its arms in wide circles.
The air twists around and violently strikes you in flight!
You die...

### ###...####..## ##.#
##.##.........#
#####..###.###.........##
#.##....##.#............#
#.......................#
..##...[................#
..#......<..............#
........................##
................@........#
#........................#
.......................###
......................##
)..>...................#
.........i.............##
.............!..........#
...................###.##
............####..## #.#


You could see a spriggan air mage.

Vanquished Creatures
  Khufu (Crypt:3)
  the Lernaean hydra (Swamp:4)
  Bai Suzhen (Swamp:4)
  Frederick (Vaults:3)
  Nikola (Vaults:1)
  A profane servitor (Crypt:3)
  2 bone dragons
  3 deep elf blademasters (Elf:3)
  3 liches
  A quicksilver dragon (Depths:2)
  5 ancient champions
  A sphinx (Depths:1)
  A deep elf master archer (Elf:3)
  A thorn hunter (Swamp:4)
  A revenant (Crypt:3)
  2 tengu reavers
  4 fire giants
  13 vault wardens
  2 ghost moths (Spider:4)
  A frost giant (Depths:2)
  6 deep elf sorcerers (Elf:3)
  An orc warlord (Orc:1)
  8 ironheart preservers
  4 emperor scorpions
  A caustic shrike zombie (Crypt:1)
  4 deep elf elementalists
  12 stone giants
  8 entropy weavers
  3 ghouls
  7 vampire knights
  6 deep elf annihilators
  5 spark wasps
  5 deep elf demonologists
  3 eidola
  A spectral quicksilver dragon (Crypt:3)
  2 mummy priests (Crypt:3)
  6 deep elf death magi
  4 ettins
  8 fire dragons
  19 jiangshi
  29 hydras
  4 great orbs of eyes
  5 deep elf high priests (Elf:3)
  12 yaktaur captains
  5 ogre magi
  4 rakshasas
  7 vault guards
  6 ice dragons
  A catoblepas (Lair:6)
  8 death knights
  7 centaur warriors
  4 shambling mangroves
  19 two-headed ogres
  A queen ant (Lair:4)
  28 dancing weapons
  14 death yaks
  9 alligators
  3 deep troll shamans
  2 vampire magi
  3 deep troll earth magi
  6 orc high priests (Orc:2)
  2 tengu warriors
  A spriggan berserker (Depths:2)
  Urug (Lair:1)
  A soul eater (Crypt:2)
  5 spriggans
  Nergalle (Orc:1)
  A fire crab (shapeshifter) (Depths:2)
  A hell knight (Crypt:3)
  34 deep elf knights
  7 shadow wraiths
  32 skeletal warriors
  A fire crab (Elf:1)
  2 unseen horrors
  3 glowing orange brains
  12 deep trolls
  5 flayed ghosts
  A spriggan druid (Swamp:4)
  13 swamp dragons
  A ghost moth zombie (Crypt:2)
  17 deep elf archers
  6 phantasmal warriors
  5 wizards
  18 orb spiders
  3 lindwurms
  21 orc knights
  4 necromancers
  9 ironbrand convokers
  2 fire giant zombies
  4 orc sorcerers
  21 wolf spiders
  65 deep elf magi
  8 cyclopes
  A tengu skeleton (Depths:2)
  A wolf spider (shapeshifter) (Vaults:4)
  A frost giant skeleton (Vaults:3)
  3 manticores
  31 ugly things
  4 salamanders (Depths:1)
  3 fire giant skeletons
  A moth of wrath (shapeshifter) (Vaults:3)
  A stone giant zombie (Depths:2)
  A torpor snail (Lair:5)
  13 elephants
  7 black mambas
  2 molten gargoyles (Elf:1)
  2 ice statues (IceCv)
  2 stone giant skeletons
  Maurice (D:11)
  6 spiny frogs
  3 gargoyles
  12 vault sentinels
  A white draconian zombie (Crypt:1)
  An efreet (D:11)
  2 kobold demonologists (D:15)
  9 komodo dragons
  4 rime drakes
  A purple draconian skeleton (Crypt:1)
  A black draconian zombie (Crypt:1)
  16 demonic crawlers
  A red draconian skeleton (Crypt:2)
  6 freezing wraiths
  43 yaktaurs
  7 guardian mummies (Crypt:3)
  3 tengu conjurers
  4 trolls
  A polar bear (shapeshifter) (Vaults:2)
  A meliai (D:14)
  37 jumping spiders
  A sphinx simulacrum (Vaults:3)
  4 polar bears (Lair:6)
  A troll (shapeshifter) (Vaults:3)
  A tengu simulacrum (Vaults:3)
  45 slime creatures
  7 tyrant leeches
  18 blink frogs
  14 hippogriffs
  4 small abominations (Crypt:3)
  29 hornets
  A stone giant simulacrum (Vaults:4)
  13 dream sheep
  55 flying skulls
  A frost giant simulacrum (Vaults:4)
  16 bog bodies
  2 air elementals (Elf:1)
  An ice dragon zombie (Crypt:3)
  34 yaks
  4 shadows
  17 tarantellas
  15 wraiths
  2 humans (shapeshifter)
  58 redbacks
  2 fire bats (Depths:1)
  A basilisk (shapeshifter) (Vaults:1)
  8 wyverns
  7 basilisks
  A black mamba skeleton (Crypt:1)
  18 vampire mosquitoes
  5 fire elementals
  10 wargs
  8 insubstantial wisps
  22 soldier ants
  An acid dragon (Vaults:2)
  21 swamp worms
  A floating eye (Depths:2)
  10 water moccasins
  2 hornet zombies
  5 porcupines
  An ice beast (shapeshifter) (Vaults:1)
  17 swamp drakes
  2 sky beasts (D:9)
  4 black bears
  9 ice beasts
  71 orc warriors
  An ettin simulacrum (Vaults:2)
  20 ogres
  3 phantoms
  A black mamba simulacrum (Crypt:3)
  6 necrophages
  An eye of draining (D:8)
  8 boggarts
  7 wolves (Lair:6)
  17 centaurs
  18 crocodiles
  5 big kobolds
  14 bullfrogs
  A fire crab zombie (Crypt:1)
  A gnoll sergeant (D:6)
  5 earth elementals
  7 scorpions
  16 killer bees
  12 wights
  A howler monkey (D:5)
  6 electric eels
  A lava snake (Elf:1)
  5 jellies
  7 crimson imps
  3 centaur zombies
  4 bullfrog zombies
  A black bear zombie (Crypt:2)
  38 orc wizards
  5 bullfrog skeletons
  47 orc priests
  4 hounds
  3 centaur skeletons
  8 iguanas
  4 hell rats
  26 worker ants
  A killer bee zombie (D:7)
  A sky beast zombie (Crypt:1)
  A tengu zombie (Crypt:1)
  Robin (D:2)
  A hound skeleton (D:9)
  2 howler monkey zombies
  13 adders
  7 gnolls
  A swamp drake skeleton (Crypt:2)
  5 shadow imps
  An adder zombie (D:8)
  An adder skeleton (D:7)
  5 worms
  4 dart slugs
  6 leopard geckos
  162 orcs
  2 ball pythons (D:3)
  A bat skeleton (Crypt:2)
  7 giant cockroaches
  13 goblins
  3 hobgoblins
  8 jackals
  15 kobolds
  8 quokkas
  6 bats
  5 frilled lizards
  A giant cockroach zombie (D:5)
  A jackal skeleton (D:4)
  2 quokka zombies
  6 rats
  4 fungi (Lair:5)
  4 plants
2049 creatures vanquished.

Vanquished Creatures (collateral kills)
  A deep elf blademaster (Elf:3)
  A deep elf sorcerer (Elf:3)
  An ugly thing (D:12)
3 creatures vanquished.

Vanquished Creatures (others)
  A vampire mage (Depths:2)
  A lindwurm (Elf:1)
  An ugly thing (Depths:1)
  A tyrant leech (Swamp:4)
  3 water elementals (Depths:1)
  An orc warrior (Vaults:1)
  2 orcs (Vaults:1)
  A bush (Lair:2)
  24 fungi
  16 plants
  2 withered plants (D:14)
53 creatures vanquished.

Grand Total: 2105 creatures vanquished

Notes
Turn   | Place    | Note
-------+----------+-------------------------------------------
     0 | D:1      | MrRokkomies the Halfling Hunter began the quest for the
                  | Orb.
     0 | D:1      | Reached XP level 1. HP: 14/14 MP: 1/1
    92 | D:1      | Reached skill level 6 in Slings
   108 | D:1      | Reached XP level 2. HP: 1/19 MP: 2/2
   889 | D:2      | Reached XP level 3. HP: 24/24 MP: 3/3
  1058 | D:2      | Noticed Robin
  1066 | D:2      | Killed Robin
  1066 | D:2      | Reached XP level 4. HP: 28/29 MP: 4/4
  1078 | D:2      | Reached skill level 7 in Slings
  1452 | D:2      | Noticed a +0 dagger
  1453 | D:2      | Noticed a +0 hand axe
  1463 | D:2      | Found a hide-covered altar of Uskayaw.
  2040 | D:3      | Found a snail-covered altar of Cheibriados.
  2105 | D:3      | Reached XP level 5. HP: 34/34 MP: 5/5
  2850 | D:4      | Reached skill level 8 in Slings
  2850 | D:4      | Reached XP level 6. HP: 32/39 MP: 6/6
  2857 | D:4      | Reached skill level 5 in Dodging
  3098 | D:4      | Reached skill level 9 in Slings
  3098 | D:4      | Reached XP level 7. HP: 34/44 MP: 5/7
  3260 | D:4      | Found an iron altar of Okawaru.
  3615 | D:4      | Became a worshipper of Warmaster Okawaru
  4144 | D:4      | Reached skill level 10 in Slings
  4228 | D:5      | Entered Level 5 of the Dungeon
  4248 | D:5      | Reached XP level 8. HP: 48/49 MP: 8/8
  4503 | D:5      | Found an ancient bone altar of Kikubaaqudgha.
  4509 | D:5      | Got a shimmering plate armour
  4522 | D:5      | Identified the cursed +1 plate armour of the Snail {rF+
                  | rC++ Str-2 SInv} (You found it on level 5 of the Dungeon)
  5031 | D:6      | Reached * piety under Okawaru
  5046 | D:6      | Reached skill level 11 in Slings
  5543 | D:6      | Found an opulent altar of Gozag.
  5765 | D:6      | Reached skill level 1 in Shields
  5874 | D:6      | Found an ornate altar of the Wu Jian Council.
  5930 | D:6      | Found Refregin's Armour Emporium.
  5935 | D:6      | Bought the cursed +0 chain mail of Xiexu {rN+ Regen+} for
                  | 177 gold pieces
  6020 | D:6      | Found a radiant altar of Vehumet.
  6235 | D:7      | Found an opulent altar of Gozag.
  6250 | D:7      | Reached XP level 9. HP: 54/54 MP: 9/9
  6256 | D:7      | Noticed a hippogriff
  6271 | D:7      | Killed a hippogriff
  6271 | D:7      | Reached skill level 12 in Slings
  6361 | D:7      | Reached skill level 5 in Shields
  6587 | D:7      | Reached ** piety under Okawaru
  6624 | D:7      | Noticed a hippogriff
  6632 | D:7      | Killed a hippogriff
  6632 | D:7      | Reached skill level 1 in Armour
  6659 | D:7      | Reached skill level 1 in Invocations
  6743 | D:7      | Found a staircase to the Ecumenical Temple.
  7085 | D:8      | Found a deep blue altar of Sif Muna.
  7252 | D:8      | Reached *** piety under Okawaru
  7252 | D:8      | Reached XP level 10. HP: 61/63 MP: 8/11
  7260 | D:8      | Found a sparkling altar of Nemelex Xobeh.
  7271 | D:8      | Noticed a two-headed ogre
  7294 | D:8      | Killed a two-headed ogre
  7294 | D:8      | Reached skill level 5 in Armour
  7301 | D:8      | Got a transparent leather armour
  7379 | D:8      | Identified the +1 leather armour of Reason {Int+2} (You
                  | found it on level 8 of the Dungeon)
  7523 | D:8      | Reached skill level 5 in Fighting
  7542 | D:8      | Reached **** piety under Okawaru
  7656 | D:8      | Found a staircase to the Lair.
  8095 | Lair:1   | Entered Level 1 of the Lair of Beasts
  8288 | Lair:1   | Noticed Urug
  8321 | Lair:1   | Killed Urug
  8449 | Lair:1   | Noticed a rime drake
  8463 | Lair:1   | Killed a rime drake
  8777 | Lair:1   | Got a warped morningstar
  8778 | Lair:1   | Identified the +3 morningstar of the Ecumenical Temple
                  | {elec, rElec Str+9 Int-3 Dex+3} (You found it on level 1 of
                  | the Lair of Beasts)
  9093 | Lair:2   | Reached XP level 11. HP: 45/72 MP: 9/14
  9161 | Lair:2   | Reached ***** piety under Okawaru
  9161 | Lair:2   | Received a gift from Okawaru
  9161 | Lair:2   | Reached skill level 5 in Invocations
  9270 | Lair:2   | Received a gift from Okawaru
  9652 | Lair:2   | Received a gift from Okawaru
  9784 | Lair:2   | Found a hole to the Spider Nest.
  9908 | Lair:2   | Received a gift from Okawaru
 10084 | Lair:2   | Noticed a seven-headed hydra
 10100 | Lair:2   | Killed a seven-headed hydra
 10100 | Lair:2   | Received a gift from Okawaru
 10101 | Lair:2   | Got a distressingly furry hat {god gift}
 10112 | Lair:2   | Identified the +1 hat of Okawaru's Castigation {rC+ MP+9
                  | Dex+2} (Okawaru gifted it to you on level 2 of the Lair of
                  | Beasts)
 10273 | Lair:2   | Learned a level 2 spell: Slow
 10277 | Lair:2   | Learned a level 3 spell: Portal Projectile
 10959 | Lair:3   | Reached XP level 12. HP: 84/84 MP: 17/17
 11055 | Lair:3   | Found a staircase to the Swamp.
 11166 | Lair:3   | Noticed a six-headed hydra
 11182 | Lair:3   | Killed a six-headed hydra
 11182 | Lair:3   | Reached skill level 10 in Armour
 12155 | Lair:4   | You fall through a shaft for 2 floors!
 12155 | Lair:6   | Entered Level 6 of the Lair of Beasts
 12155 | Lair:6   | Noticed a deep troll shaman
 12155 | Lair:6   | Noticed a death yak
 12155 | Lair:6   | Noticed a death yak
 12156 | Lair:6   | Noticed a death yak
 12156 | Lair:6   | Noticed a catoblepas
 12370 | Lair:5   | Reached skill level 13 in Slings
 12372 | Lair:5   | Received a gift from Okawaru
 12670 | Lair:5   | Received a gift from Okawaru
 12735 | Lair:5   | Noticed a five-headed hydra
 12740 | Lair:5   | Noticed a six-headed hydra
 12752 | Lair:5   | Killed a five-headed hydra
 12762 | Lair:5   | Killed a six-headed hydra
 12790 | Lair:5   | Noticed a five-headed hydra
 12795 | Lair:5   | Killed a five-headed hydra
 12836 | Lair:4   | Noticed a five-headed hydra
 12848 | Lair:4   | Reached XP level 13. HP: 77/89 MP: 19/19
 12913 | Lair:4   | Killed a five-headed hydra
 12913 | Lair:4   | Reached skill level 14 in Slings
 12940 | Lair:4   | Reached ****** piety under Okawaru
 12964 | Lair:4   | Received a gift from Okawaru
 13507 | Lair:4   | Received a gift from Okawaru
 13815 | Lair:4   | Noticed an entropy weaver
 13936 | Lair:4   | Killed an entropy weaver
 13936 | Lair:4   | Reached skill level 10 in Fighting
 14171 | Lair:4   | Noticed an entropy weaver
 14275 | Lair:4   | Killed an entropy weaver
 15009 | Lair:5   | Noticed a six-headed hydra
 15086 | Lair:4   | Reached XP level 14. HP: 90/99 MP: 20/20
 15108 | Lair:4   | Received a gift from Okawaru
 15360 | Lair:4   | Received a gift from Okawaru
 15632 | Lair:5   | Received a gift from Okawaru
 15632 | Lair:5   | Reached skill level 1 in Evocations
 15803 | Lair:5   | Found a staircase to the Slime Pits.
 15927 | Lair:5   | Found a runed translucent door.
 15930 | Lair:5   | Noticed kr4n3's ghost (journeyman DrFE)
 15992 | Lair:5   | Reached skill level 10 in Dodging
 16175 | Lair:5   | Received a gift from Okawaru
 16984 | Lair:5   | Received a gift from Okawaru
 16985 | Lair:5   | Got an iridescent hunting sling {god gift}
 16986 | Lair:5   | Identified the +0 hunting sling of the Volcano {velocity,
                  | MR+} (Okawaru gifted it to you on level 5 of the Lair of
                  | Beasts)
 17445 | Lair:5   | Reached skill level 5 in Evocations
 18519 | Lair:6   | Received a gift from Okawaru
 18884 | Lair:6   | Reached XP level 15. HP: 73/107 MP: 17/21
 20162 | D:9      | Got a faintly glowing chain mail
 20173 | D:9      | Identified the +1 chain mail "Yrolutun" {Regen+ Str+3
                  | Int+4} (You found it on level 9 of the Dungeon)
 20473 | D:9      | Got a transparent silver ring
 20491 | D:9      | Found a stormy altar of Qazlal.
 20498 | D:9      | Found a shimmering altar of Xom.
 20710 | D:9      | Found a glowing silver altar of Zin.
 20982 | D:9      | Found a burning altar of Makhleb.
 21179 | D:9      | Identified the ring of Absolutism {Wiz rElec} (You found it
                  | on level 9 of the Dungeon)
 21202 | D:10     | Entered Level 10 of the Dungeon
 22292 | D:11     | Found a portal to a secret trove of treasure.
 22296 | D:11     | Noticed Maurice
 22318 | D:11     | Killed Maurice
 22388 | D:11     | Got a polished morningstar
 22389 | D:11     | Identified the cursed +0 morningstar of Nyelosatt {drain,
                  | rF+ Str+4} (You found it on level 11 of the Dungeon)
 23484 | D:12     | Found a staircase to the Orcish Mines.
 24182 | D:12     | Received a gift from Okawaru
 24542 | D:12     | Found a roughly hewn altar of Beogh.
 24579 | D:12     | Identified a scroll of acquirement
 24592 | Orc:1    | Entered Level 1 of the Orcish Mines
 24782 | Orc:2    | Entered Level 2 of the Orcish Mines
 24784 | Orc:2    | Paralysed by an orc sorcerer for 4 turns
 25103 | Orc:2    | Received a gift from Okawaru
 25625 | Orc:1    | Noticed an orc warlord
 25640 | Orc:1    | Killed an orc warlord
 25640 | Orc:1    | Reached skill level 10 in Evocations
 26065 | Orc:2    | Reached XP level 16. HP: 116/117 MP: 23/23
 26196 | Orc:2    | Found a staircase to the Elven Halls.
 26211 | Orc:1    | Noticed Nergalle
 26224 | Orc:2    | Received a gift from Okawaru
 26260 | Orc:1    | Killed Nergalle
 26585 | Orc:2    | Received a gift from Okawaru
 27491 | Orc:2    | Found Icatipt's Antique Armour Shop.
 27494 | Orc:2    | Found Qazaong's Armour Boutique.
 27495 | Orc:2    | Found Oghysch's Antique Weapon Shop.
 27496 | Orc:2    | Found Lesam's Antique Armour Shop.
 27504 | Orc:2    | Bought a dazzling plate armour for 784 gold pieces
 27514 | Orc:2    | Identified the cursed +1 plate armour of the Onion {MR+}
                  | (You bought it in a shop on level 2 of the Orcish Mines)
 28022 | D:13     | Received a gift from Okawaru
 28028 | D:13     | Found a frozen archway.
 28041 | IceCv    | Entered an ice cave
 28112 | IceCv    | Found a transporter.
 28169 | IceCv    | Found a transporter.
 28273 | D:13     | Received a gift from Okawaru
 28303 | D:13     | Found a glowing silver altar of Zin.
 28335 | D:13     | Found a flickering gateway to a bazaar.
 28347 | Bazaar   | Entered a bazaar
 28347 | Bazaar   | Found Lenid's Assorted Antiques.
 28347 | Bazaar   | Found Nami's Book Boutique.
 28347 | Bazaar   | Found Uheol's Jewellery Shoppe.
 28347 | Bazaar   | Found Zayrig's Distillery.
 28349 | Bazaar   | Found Ludgh's General Store.
 28349 | Bazaar   | Found Mium's Food Shop.
 28374 | Bazaar   | Bought a +0 fustibalus of flaming for 261 gold pieces
 28374 | Bazaar   | Bought the ring of Deciukhli {+Fly rPois Int+4} for 333
                  | gold pieces
 28388 | Bazaar   | Bought a scroll labeled WOUPED JEDA for 31 gold pieces
 28398 | Bazaar   | Bought a potion of curing for 33 gold pieces
 28398 | Bazaar   | Bought a potion of curing for 33 gold pieces
 28398 | Bazaar   | Bought a potion of curing for 33 gold pieces
 28398 | Bazaar   | Bought a potion of heal wounds for 55 gold pieces
 28398 | Bazaar   | Bought a potion of heal wounds for 55 gold pieces
 29036 | D:14     | Found a runed translucent door.
 29036 | D:14     | Noticed xoxolimbo's ghost (journeyman GnEE)
 29102 | D:14     | Received a gift from Okawaru
 29319 | D:14     | Received a gift from Okawaru
 29584 | D:14     | Got a scorched hunting sling {god gift}
 29615 | D:14     | Identified the +5 hunting sling "Vucs" {speed, MR++ Str+2}
                  | (Okawaru gifted it to you on level 14 of the Dungeon)
 29623 | D:14     | Found a gate to the Vaults.
 29782 | D:14     | Reached skill level 1 in Maces & Flails
 30169 | D:15     | Entered Level 15 of the Dungeon
 30331 | D:15     | Found Petupp's Antique Weapon Shoppe.
 30352 | D:15     | Bought a blowgun for 57 gold pieces
 30365 | D:15     | Received a gift from Okawaru
 30703 | D:15     | Reached XP level 17. HP: 111/126 MP: 26/26
 30803 | D:15     | Received a gift from Okawaru
 31530 | D:15     | Reached skill level 15 in Fighting
 31671 | D:15     | Found a staircase to the Depths.
 32160 | Swamp:1  | Entered Level 1 of the Swamp
 32199 | Swamp:1  | Reached skill level 5 in Maces & Flails
 33181 | Swamp:2  | Received a gift from Okawaru
 33833 | Swamp:2  | Received a gift from Okawaru
 34225 | Swamp:2  | Upgraded the game from 0.24-a0-201-gf2055891f0 to
                  | 0.24-a0-203-gf0bc1e94ae
 35279 | Swamp:3  | Received a gift from Okawaru
 35291 | Swamp:3  | Reached XP level 18. HP: 78/134 MP: 27/27
 35724 | Swamp:4  | Entered Level 4 of the Swamp
 36957 | Swamp:4  | Received a gift from Okawaru
 37032 | Swamp:4  | Noticed Bai Suzhen
 37062 | Swamp:4  | Killed Bai Suzhen
 37348 | Swamp:4  | Noticed the 27-headed Lernaean hydra
 37358 | Swamp:4  | Killed the 27-headed Lernaean hydra
 37358 | Swamp:4  | Reached skill level 10 in Maces & Flails
 37417 | Swamp:4  | Got a decaying rune of Zot
 37772 | Spider:1 | Entered Level 1 of the Spider Nest
 37921 | Spider:1 | Got a steaming iron ring
 37922 | Spider:1 | Identified the ring of Ameot {*Corrode rN+ Str+9 Dex-4
                  | Slay+3} (You found it on level 1 of the Spider Nest)
 38654 | Spider:2 | Received a gift from Okawaru
 38789 | Spider:2 | You are sucked into a shaft!
 38811 | Spider:2 | You are sucked into a shaft!
 38853 | Spider:3 | Reached skill level 15 in Dodging
 38907 | Spider:3 | Reached XP level 19. HP: 110/139 MP: 28/28
 38943 | Spider:3 | Found a runed translucent gate.
 38943 | Spider:3 | Found a runed translucent gate.
 38968 | Spider:3 | Found a runed translucent gate.
 39111 | Spider:3 | Noticed Zentennen's ghost (adept TeCj)
 39889 | Spider:4 | Entered Level 4 of the Spider Nest
 40234 | Spider:4 | Reached skill level 15 in Slings
 40855 | Spider:4 | Received a gift from Okawaru
 41552 | Spider:4 | Reached skill level 16 in Slings
 41596 | Spider:4 | Received a gift from Okawaru
 41597 | Spider:4 | Got a faintly glowing chain mail {god gift}
 41598 | Spider:4 | Identified the +0 chain mail of the Gate {rN+ rCorr}
                  | (Okawaru gifted it to you on level 4 of the Spider Nest)
 41640 | Spider:4 | Got a gossamer rune of Zot
 42874 | Vaults:1 | Entered Level 1 of the Vaults
 42886 | Vaults:1 | Noticed Nikola
 42899 | Vaults:1 | Killed Nikola
 43159 | Vaults:1 | Reached skill level 17 in Slings
 43900 | Vaults:1 | Reached XP level 20. HP: 145/145 MP: 29/29
 44372 | Vaults:1 | Received a gift from Okawaru
 44472 | Vaults:1 | Reached skill level 18 in Slings
 45102 | Vaults:1 | Received a gift from Okawaru
 46159 | Vaults:2 | Got a slimy eveningstar
 46160 | Vaults:2 | Identified the +4 eveningstar "Jahoq" {drain, rF+ rC-
                  | Str+3} (You acquired it on level 2 of the Vaults)
 46339 | Vaults:2 | Reached skill level 19 in Slings
 47084 | Vaults:2 | Noticed a bone dragon
 47102 | Vaults:2 | Killed a bone dragon
 47104 | Vaults:2 | Found a staircase to the Crypt.
 47150 | Vaults:2 | Found Rimeyx's Magic Scroll Boutique.
 47826 | Vaults:3 | Noticed Frederick
 47863 | Vaults:3 | Killed Frederick
 47965 | Vaults:3 | Reached XP level 21. HP: 37/151 MP: 30/30
 48407 | Vaults:3 | Reached skill level 20 in Slings
 48596 | Vaults:3 | Received a gift from Okawaru
 48747 | Vaults:3 | Received a gift from Okawaru
 49190 | Vaults:3 | Reached skill level 15 in Maces & Flails
 49318 | Vaults:3 | Received a gift from Okawaru
 49685 | Vaults:4 | Received a gift from Okawaru
 51142 | Vaults:4 | Reached skill level 10 in Shields
 51685 | Vaults:4 | Reached XP level 22. HP: 135/157 MP: 31/31
 51688 | Vaults:4 | Received a gift from Okawaru
 51963 | Vaults:3 | Received a gift from Okawaru
 52804 | Elf:1    | Entered Level 1 of the Elven Halls
 53532 | Elf:1    | Received a gift from Okawaru
 54028 | Elf:1    | Received a gift from Okawaru
 54370 | Elf:1    | Found Saesydau's Gadget Emporium.
 54372 | Elf:1    | Found Raasab's Jewellery Shop.
 54374 | Elf:1    | Found Zylaxzu's Gadget Emporium.
 54493 | Elf:1    | Bought the amulet "Vixiupaph" {Acrobat +Inv rF++ Stlth-}
                  | for 901 gold pieces
 54498 | Elf:1    | Bought a lightning rod (4/4) for 560 gold pieces
 54700 | Elf:1    | Identified the Handbook of Ignition
 55319 | Elf:2    | Found a runed translucent door.
 55364 | Elf:2    | Found a runed translucent door.
 56112 | Elf:2    | Received a gift from Okawaru
 56590 | Elf:3    | Entered Level 3 of the Elven Halls
 56667 | Elf:3    | Found Widdap's Whimsical Warehouse.
 56889 | Elf:3    | Reached skill level 15 in Armour
 56949 | Elf:3    | Received a gift from Okawaru
 56950 | Elf:3    | Reached XP level 23. HP: 132/162 MP: 32/32
 57112 | Elf:3    | Found Howexkem's Jewellery Boutique.
 57337 | Elf:3    | Received a gift from Okawaru
 57605 | Elf:3    | Received a gift from Okawaru
 57605 | Elf:3    | Reached skill level 15 in Shields
 57746 | Elf:3    | Found Epuahigu's Armour Shop.
 57749 | Elf:3    | Bought a +1 shield of protection for 231 gold pieces
 57908 | Elf:3    | Received a gift from Okawaru
 57950 | Elf:3    | Identified the +11 rapier of Ogesapp {chaos, +Blink Str+6
                  | Stlth+}
 58599 | Elf:3    | Identified the ring of Foteku {rC+ Int+5}
 58610 | Elf:3    | Received a gift from Okawaru
 58724 | Elf:3    | Received a gift from Okawaru
 59030 | Elf:3    | Identified Sif Muna's Reference Book on Congealing Attacks
 59047 | Elf:3    | Found the +3 hat of Pondering {ponderous, MR+ MP+10 Int+5}
 59766 | Crypt:1  | Entered Level 1 of the Crypt
 62174 | Crypt:2  | Reached XP level 24. HP: 71/169 MP: 32/32
 62751 | Crypt:2  | Received a gift from Okawaru
 63086 | Crypt:2  | Received a gift from Okawaru
 63171 | Crypt:3  | Entered Level 3 of the Crypt
 63791 | Crypt:3  | Found a basalt altar of Yredelemnul.
 64580 | Crypt:3  | Found a staircase to the Tomb.
 64580 | Crypt:3  | Noticed Khufu
 64601 | Crypt:3  | Killed Khufu
 64871 | Crypt:3  | Identified the cursed +1 plate armour "Kite Ysa" {-Tele
                  | rPois rF- rCorr} (You found it on level 3 of the Crypt)
 65063 | Crypt:3  | Got a glittering lapis lazuli ring
 65064 | Crypt:3  | Identified the ring of Xom's Condemnation {+Blink Int+5}
                  | (You found it on level 3 of the Crypt)
 65110 | Crypt:3  | Identified the ring of Vapnexo {rN+ Int-5 Dex+6 Stlth+}
 65111 | Crypt:3  | Identified the ring "Ytsokuax" {rElec rPois rN+}
 65310 | Crypt:3  | Received a gift from Okawaru
 65428 | Crypt:3  | Found the cursed +13 scythe of Curses {drain, *Curse}
 65769 | Depths:1 | Entered Level 1 of the Depths
 65772 | Depths:1 | Found a gateway to Hell.
 65927 | Depths:1 | Received a gift from Okawaru
 65928 | Depths:1 | Got a smoking flail {god gift}
 65929 | Depths:1 | Identified the +4 flail of Voess {crush, -Tele rPois Dex+8}
                  | (Okawaru gifted it to you on level 1 of the Depths)
 66099 | Depths:1 | Reached XP level 25. HP: 152/168 MP: 32/32
 66465 | Depths:1 | Got a transparent chain mail
 66466 | Depths:1 | Identified the +6 chain mail of Inaction {rCorr Str+2
                  | Stlth-} (You found it on level 1 of the Depths)
 66883 | Depths:2 | Paralysed by a floating eye for 2 turns
 66940 | Depths:2 | Received a gift from Okawaru
 67530 | Depths:2 | Found a gateway to a ziggurat.
 67547 | Depths:2 | Received a gift from Okawaru
 67617 | Depths:2 | Identified the +6 short sword "Loucko" {holy, *Contam rF+++
                  | MR- Dex+7}
 67617 | Depths:2 | Killed from afar by a spriggan air mage

Levels and vault maps discovered:
D:1:      kennysheep_arrival_seaside, layout_rooms, kennysheep_small_spiral
D:2:      layout_basic, dancing_weapons_uskayaw, uniq_robin
D:3:      layout_basic, kennysheep_slug_shrine
D:4:      layout_basic, okawaru_gym_becter
D:5:      layout_loops_ring, kiku_gazebo_pond_becter, first_ration
D:6:      layout_basic, grunt_gozag_breadcrumbs, lemuel_crystal_altar,
          serial_shops, kennysheep_little_box, basic_altar
D:7:      layout_rooms, temple_hall, basic_altar, uniq_joseph
D:8:      layout_loops_ring, lemuel_doored_altar, lair_entry_dummy,
          nemelex_xobeh_ov_fountains_minmay
D:9:      minmay_quarter_circles, layout_loops_ring, old_standard_altar,
          zin_academy, amethyst_overflow_temple_binary, grunt_ministairs_12,
          hangedman_ranch [blue_anna_fruit_fields]
D:10:     layout_basic
D:11:     layout_cave_pods, enter_trove_2, minmay_fractal_squares_gapless_7,
          uniq_maurice
D:12:     layout_basic, minmay_orc_entry_temple_small, grunt_ministairs_13
D:13:     layout_basic, portal_ice_cave_rime, basic_altar, serial_shops,
          bzr_entry_lakeside
D:14:     layout_rooms, david_vaults_5, gammafunk_ghost_grave,
          serial_bayou_pond_a, drop_trap, minmay_misc_feat_hallway
D:15:     grunt_enter_depths_hoard, layout_long_grid, palyth_stone_intersect,
          serial_shops, shop
Lair:1:   layout_regular_city, patterned_corridor, lemuel_fruit_tree,
          grunt_megastairs_5, uniq_urug
Lair:2:   layout_regular_city, spider_nest_entry_a
Lair:3:   layout_roguey, swamp_mist_pool
Lair:4:   layout_loops_ring, serial_bayou_pond_b, zaba_antful_of_joy,
          grunt_megastairs_4
Lair:5:   layout_loops_ring, minmay_slime_entry_pillars,
          ebering_ghost_inner_flame, st_stairs_3, infiniplex_staircase_pool
Lair:6:   grunt_lair_end_beastmaster, layout_hall_layers,
          chequers_serial_rivers_micro_c, lemuel_fruit_fields,
          grunt_megastairs_1
Swamp:1:  layout_falls_marsh, evilmike_swamp_ruin_house_3
Swamp:2:  layout_falls_marsh, nicolae_swamp_feature_on_the_river_bank,
          nicolae_swamp_round_clearing, st_swamp_ruins_1,
          infiniplex_staircase_pool_2
Swamp:3:  layout_basic_swamp, evilmike_swamp_ruin_house_5, swamp_pool1
Swamp:4:  grunt_swamp_rune_castle, layout_basic_swamp, swamp_pool1,
          uniq_bai_suzhen
Spider:1: layout_spider_delve, drop_trap, guppyfry_spider_mini_3
Spider:2: layout_spider_delve, drop_trap
Spider:3: layout_spider_delve, ebering_ghost_rock_garden, nicolae_orb_stairs
Spider:4: guppyfry_spider_rune
Orc:1:    layout_caves, special_room [special_room_orc], uniq_nergalle
Orc:2:    st_orc_pillars, layout_caves
Elf:1:    eino_elf_arrival_customs, layout_gridlike, minmay_elf_crystal_hexagon,
          hangedman_research_pyrotechnics, minmay_shop_grove
Elf:2:    layout_onion_city, corner_web_ring
Elf:3:    minmay_elf_hall_not_hex, layout_loops_cross, serial_shops,
          nicolae_shop_crystal, nicolae_alphabet_shops, minmay_shop_star
Vaults:1: nicolae_vaults_big_ls, nicolae_vaults_three_branches, v_rooms_6,
          nicolae_vaults_little_squares_1, ontoclasm_vaults_loading_screen,
          vaults_room_door_ring, ontoclasm_vaults_tryst, v_misc_1,
          vaults_mumra_minichess, ontoclasm_vaults_shout,
          nicolae_vaults_ring_of_whatevers,
          nicolae_vaults_windows_and_doors_thing, layout_vaults_ring,
          uniq_nikola
Vaults:2: hangedman_vaults_snaps, grunt_vaults_funnel, st_cells, v_misc_16,
          minmay_crypt_entry_nasty_monster, nicolae_vaults_hallways_thing,
          hangedman_vaults_unwind, nicolae_vaults_theta,
          hangedman_vaults_restitches, ontoclasm_vaults_fault,
          vaults_room_stairs_pillars, layout_vaults_omnigrid, serial_shops,
          nicolae_shop_stone
Vaults:3: hangedman_vaults_maws, v_misc_31, v_misc_15, v_misc_15,
          ontoclasm_vaults_claustrophobia, v_rooms_5, v_misc_23, v_misc_5,
          hangedman_vaults_capsules, v_misc_10, layout_vaults_maze_bifur,
          uniq_frederick
Vaults:4: v_misc_27, nicolae_vaults_alarming, grunt_vaults_focal, st_hourglassy,
          ontoclasm_vaults_chip, vaults_room_pools, v_alt_pattern_1,
          nicolae_vaults_network_quinsquares
          [nicolae_vaults_network_quincunx_subvault,
          nicolae_vaults_network_quincunx_subvault,
          nicolae_vaults_network_quincunx_subvault,
          nicolae_vaults_network_quincunx_subvault], v_misc_30,
          nicolae_vaults_little_ls, ontoclasm_vaults_loading_screen,
          vaults_room_door_ring, vaults_dpeg_hooks, nicolae_vaults_rhombus_6,
          nicolae_vaults_border_crossing, layout_vaults_omnicross,
          serial_hangedman_research
Crypt:1:  layout_rooms, serial_co_window_serial, co_window_of_opportunity_a,
          co_window_cross_1, co_window_corner_a, co_window_paths_b,
          co_window_cross_1, co_window_paths_b, co_window_paths_b,
          co_window_paths_a, co_window_cross_1, co_window_corner_b,
          co_window_of_opportunity_b, co_window_2corner, co_window_2corner,
          co_window_of_opportunity_b, co_window_broadway_a, co_window_paths_d,
          co_window_4corner_b
Crypt:2:  layout_rooms, corexii_hall_statues_l
Crypt:3:  grunt_crypt_end_deaths_head
Depths:1: layout_basic, minmay_misc_feat_roman, pf_vacation_house_of_asmodeus,
          eino_curves_03, minmay_misc_feat_room, nicolae_twisting_strands,
          lemuel_freeze_loot_1
Depths:2: minmay_the_grid_square_5x5_5x5 [minmay_the_grid_square_5x5_inner_v,
          minmay_the_grid_square_5x5_meh, minmay_the_grid_square_5x5_corner,
          minmay_the_grid_square_5x5_fancy_junction,
          minmay_the_grid_square_5x5_one_wall, minmay_the_grid_square_5x5_c,
          minmay_the_grid_square_5x5_prize_gold,
          minmay_the_grid_square_5x5_almost_minimal,
          minmay_the_grid_square_5x5_prize_waves,
          minmay_the_grid_square_5x5_bracketed,
          minmay_the_grid_square_5x5_inset,
          minmay_the_grid_square_5x5_misaligned,
          minmay_the_grid_square_5x5_prize_open,
          minmay_the_grid_square_5x5_half_checkered,
          minmay_the_grid_square_5x5_inner_i,
          minmay_the_grid_square_5x5_minibox,
          minmay_the_grid_square_5x5_prize_open,
          minmay_the_grid_square_5x5_doubleslash,
          minmay_the_grid_square_5x5_prize_snowflake,
          minmay_the_grid_square_5x5_spiral,
          minmay_the_grid_square_5x5_broken_cross,
          minmay_the_grid_square_5x5_hollow_slash,
          minmay_the_grid_square_5x5_minimal, minmay_the_grid_square_5x5_n,
          minmay_the_grid_square_5x5_shuriken], layout_cave_shapes,
          enter_ziggurat_d, serial_sigils_hangedman_snap, hell_entry, pan_entry,
          marbit_kobold_abyss_entry, st_stairs_8, minmay_misc_feat_chi,
          minmay_door_square
Bazaar:   bazaar_minmay_generic_island
IceCv:    ice_cave_statue_garden_transporter

Skill      XL: |  1  2  3  4  5  6  7  8  9 10 11 12 13 14 15 16 17 18 19 20 21 22 23 24 25 |
---------------+----------------------------------------------------------------------------+-----
Slings         | 6 7 8 9 10 11 12 13 14 17 19 20 | 20.0
Dodging        | 3 4 5 6 8 11 12 15 | 15.0
Shields        | 2 5 10 14 16 18 19 | 19.3
Fighting       | 3 6 8 10 11 13 14 15 | 15.0
Armour         | 3 7 9 12 14 15 17 18 19 | 19.7
Invocations    | 2 4 6 8 |  8.0
Evocations     | 6 10 12 | 12.0
Maces & Flails | 3 8 10 12 14 15 16 | 16.0
Stealth        | |  1.1

Action                   |  1- 3 |  4- 6 |  7- 9 | 10-12 | 13-15 | 16-18 | 19-21 | 22-24 | 25-27 || total
-------------------------+-------+-------+-------+-------+-------+-------+-------+-------+-------++-------
Melee: Short sword       |    12 |     3 |       |       |       |       |       |       |       ||    15
       Rapier            |       |       |     4 |       |       |       |       |       |       ||     4
       Morningstar       |       |       |       |     5 |     8 |   629 |   652 |       |       ||  1294
       Eveningstar       |       |       |       |       |       |       |   269 |  1243 |   203 ||  1715
 Fire: Hunting sling     |    54 |   238 |   596 |   587 |       |    13 |       |    26 |       ||  1514
       Fustibalus        |       |       |       |   266 |  2850 |  2389 |  1472 |  1564 |   117 ||  8658
Throw: Throwing net      |       |       |       |       |       |     1 |       |       |       ||     1
Invok: Heroism           |       |       |       |     4 |    11 |    11 |    12 |     7 |       ||    45
       Finesse           |       |       |       |     3 |     8 |     7 |     9 |     6 |       ||    33
Evoke: Wand              |       |       |       |       |     4 |     8 |     5 |    10 |     1 ||    28
       Sack of spiders   |       |       |       |       |     1 |       |       |     2 |     1 ||     4
       Lamp of fire      |       |       |       |       |       |       |       |     2 |     1 ||     3
       Phial of floods   |       |       |       |       |       |       |       |     1 |       ||     1
  Use: Scroll            |     2 |     8 |     5 |    15 |    13 |    15 |    13 |    16 |     2 ||    89
       Potion            |       |       |     4 |     6 |     5 |     2 |     2 |     4 |     1 ||    24
 Stab: Confused          |       |       |       |       |       |     4 |       |       |       ||     4
       Distracted        |       |       |       |       |       |     1 |       |       |       ||     1
       Paralysed         |       |       |       |       |       |       |     3 |       |       ||     3
  Eat: Chunk             |       |     6 |    11 |     9 |    28 |    17 |    25 |    18 |     3 ||   117
       Ration            |       |       |       |     2 |     3 |     6 |     4 |     8 |     1 ||    24
Armor: Leather armour    |     6 |       |       |       |       |       |       |       |       ||     6
       Ring mail         |     3 |    22 |    16 |       |       |       |       |       |       ||    41
       Chain mail        |       |       |    48 |    21 |       |       |       |       |       ||    69
       Skin              |       |       |     1 |       |       |       |       |       |       ||     1
       Plate armour      |       |       |       |   133 |   603 |   936 |   533 |   496 |    95 ||  2796
Dodge: Dodged            |    33 |    68 |   130 |   200 |   997 |  1664 |  1296 |   862 |   112 ||  5362
Block: Buckler           |       |       |    35 |   145 |   567 |   831 |   490 |       |       ||  2068
       Shield            |       |       |       |       |       |       |   257 |  1364 |   198 ||  1819

Table legend:
 A = Non-vault XP
 B = Vault XP
 C = Vault XP percentage of total XP
 D = Non-vault monster count
 E = Vault monster count
 F = Vault count percentage of total count
                 A         B        C        D         E       F
            +---------+---------+-------+---------+---------+-------
      Total |  455000 |  407697 |  47.3 |    1323 |     724 |  35.4
            +---------+---------+-------+---------+---------+-------
        D:1 |      22 |       0 |   0.0 |      12 |       0 |   0.0
        D:2 |      69 |      30 |  30.3 |      24 |       8 |  25.0
        D:3 |      93 |       4 |   4.1 |      25 |       1 |   3.8
        D:4 |     759 |       0 |   0.0 |      24 |       0 |   0.0
        D:5 |     326 |       0 |   0.0 |      18 |       0 |   0.0
        D:6 |     649 |       0 |   0.0 |      24 |       0 |   0.0
        D:7 |    1373 |       0 |   0.0 |      19 |       0 |   0.0
        D:8 |    2541 |       0 |   0.0 |      44 |       0 |   0.0
        D:9 |    1154 |    5800 |  83.4 |      25 |      37 |  59.7
       D:10 |     956 |       0 |   0.0 |      21 |       0 |   0.0
       D:11 |    2299 |    2499 |  52.1 |      20 |       9 |  31.0
       D:12 |    6004 |    1119 |  15.7 |      24 |      10 |  29.4
       D:13 |    5916 |     766 |  11.5 |      36 |       2 |   5.3
       D:14 |    8211 |    5975 |  42.1 |      26 |      14 |  35.0
       D:15 |   19641 |    1988 |   9.2 |      53 |       2 |   3.6
     Lair:1 |     399 |    1447 |  78.4 |       2 |       3 |  60.0
     Lair:2 |    6721 |     207 |   3.0 |      28 |       1 |   3.4
     Lair:3 |    3855 |       0 |   0.0 |      12 |       0 |   0.0
     Lair:4 |   15127 |    9194 |  37.8 |      35 |      40 |  53.3
     Lair:5 |   18954 |    3359 |  15.1 |      58 |      10 |  14.7
     Lair:6 |    4140 |    8621 |  67.6 |      18 |      20 |  52.6
    Swamp:1 |    8591 |       0 |   0.0 |      24 |       0 |   0.0
    Swamp:2 |   14540 |    4249 |  22.6 |      43 |       8 |  15.7
    Swamp:3 |   15082 |       0 |   0.0 |      40 |       0 |   0.0
    Swamp:4 |    8708 |   27155 |  75.7 |      22 |      34 |  60.7
   Spider:1 |    6996 |    1628 |  18.9 |      29 |       6 |  17.1
   Spider:2 |   15089 |       0 |   0.0 |      39 |       0 |   0.0
   Spider:3 |   18513 |    2918 |  13.6 |      47 |       5 |   9.6
   Spider:4 |   12929 |   16902 |  56.7 |      33 |      31 |  48.4
      Orc:1 |    2827 |    4608 |  62.0 |      35 |      25 |  41.7
      Orc:2 |    7034 |    9521 |  57.5 |      78 |      63 |  44.7
      Elf:1 |   19403 |    9035 |  31.8 |      33 |      18 |  35.3
      Elf:2 |   11758 |   24053 |  67.2 |      18 |      30 |  62.5
      Elf:3 |   27748 |   43829 |  61.2 |      41 |      29 |  41.4
   Vaults:1 |   11298 |   50305 |  81.7 |      28 |      69 |  71.1
   Vaults:2 |    4830 |   17267 |  78.1 |      14 |      20 |  58.8
   Vaults:3 |   30765 |   19280 |  38.5 |      58 |      31 |  34.8
   Vaults:4 |   31062 |   30130 |  49.2 |      50 |      37 |  42.5
    Crypt:1 |   28641 |       0 |   0.0 |      38 |       0 |   0.0
    Crypt:2 |   32839 |    1566 |   4.6 |      41 |       3 |   6.8
    Crypt:3 |       0 |   80819 | 100.0 |       0 |     128 | 100.0
   Depths:1 |   31886 |       0 |   0.0 |      42 |       0 |   0.0
   Depths:2 |   15252 |   20988 |  57.9 |      22 |      20 |  47.6
      IceCv |       0 |    2435 | 100.0 |       0 |      10 | 100.0
            +---------+---------+-------+---------+---------+-------
